 Dungeon Crawl Stone Soup version 0.27-a0-1196-g3e9cee4cb2 (webtiles) character file.

Game seed: 6101993140980095889

64 freelancePsychic the Skirmisher (level 3, 0/31 HPs)
             Began as a Palentonga Abyssal Knight on May 29, 2021.
             Was a Follower of Lugonu.
             Killed by divine providence
             ... invoked by an orc priest
              (14 damage)
             ... on level 2 of the Dungeon.
             The game lasted 00:02:53 (2181 turns).

freelancePsychic the Skirmisher (PaAK)              Turns: 2181, Time: 00:02:53

Health: 0/31       AC:  6    Str: 16    XL:     3   Next: 91%
Magic:  5/5        EV:  7    Int: 12    God:    Lugonu [*.....]
Gold:   57         SH:  0    Dex:  9    Spells: 2/2 levels left

rFire    . . .     SeeInvis +   a - +1 hand axe
rCold    . . .     Faith    .   (no shield)
rNeg     . . .     Spirit   .   h - +0 scale mail
rPois    .         Reflect  .   (no helmet)
rElec    .         Harm     .   (no cloak)
rCorr    .         Rampage  .   (no gloves)
Will     .....                  (no barding)
Stlth    ..........             (no amulet)
HPRegen  0.10/turn              (no ring)
MPRegen  0.09/turn              (no ring)

@: no status effects
A: large, rugged brown scales 3, see invisible, deformed body, roll 1, armoured
tail
a: Rolling Charge, Renounce Religion, Depart the Abyss


You were on level 2 of the Dungeon.
You worshipped Lugonu.
Lugonu was aware of your devotion.
You visited 1 branch of the dungeon, and saw 3 of its levels.
You visited the Abyss 1 time.

You collected 57 gold pieces.

Inventory:

Hand Weapons
 a - a +1 hand axe (weapon)
 b - a +0 hunting sling
Missiles
 c - 43 stones
 f - 17 sling bullets
Armour
 d - a +0 leather armour
 h - a +0 scale mail (worn)
Jewellery
 k - a +4 ring of evasion
Scrolls
 i - 2 scrolls of identify {unknown}
 l - a scroll of enchant armour {unknown}
Potions
 e - a potion of flight {unknown}
 g - 2 potions of curing {unknown}
 j - a potion of haste {unknown}
 m - a potion of heal wounds {unknown}


   Skills:
 + Level 3.5 Fighting
 * Level 3.3 Axes
 - Level 1.5 Armour
 - Level 0.7 Dodging
 + Level 2.8 Invocations


You had 2 spell levels left.
You didn't know any spells.
Your spell library contained the following spells:

 Spells                   Type           Power      Damage    Failure   Level
 Animate Skeleton         Necr           0%         N/A       77%         1
 Pain                     Necr           0%         1d4       77%         1
 Vampiric Draining        Necr           0%         2d6       98%         3
 Animate Dead             Necr           0%         N/A       100%        4
 Agony                    Necr           0%         N/A       100%        5


Dungeon Overview and Level Annotations

Branches:
Dungeon (3/15)

Altars:


Innate Abilities, Weirdness & Mutations

You are completely covered in rugged brown scales. (AC +3, +7% HP)
You have supernaturally acute eyesight. (SInv)
Armour fits poorly on your strangely shaped body.
You can roll at nearby foes to attack.
You have a long armoured tail.


Message History

You climb downwards.
An orc priest comes into view. It is wielding a +0 club.
The orc priest shouts!
Found a mace.
There is a stone staircase leading up here.
b - a +0 hunting sling (weapon)
You shoot a stone. The stone barely misses the orc priest.
You shoot a stone.
The stone closely misses the orc priest.
An orc comes into view. It is wielding a +0 whip. x2
The orc priest looks satisfied for a moment.
You shoot a stone.
The stone completely misses the orc priest.
The stone barely misses the orc.
The orc shouts!
An endoplasm comes into view.
An orc comes into view. It is wielding a +0 flail.
You shoot a sling bullet. The orc shouts!
The sling bullet hits the orc priest but does no damage.
You shoot a sling bullet. The sling bullet hits the orc priest!
The orc priest is heavily wounded.
The orc priest hits you with a +0 club.
You climb upwards.
There is a stone staircase leading down here.
You shoot a sling bullet. The sling bullet hits the orc priest.
The orc priest is severely wounded.
The orc priest calls down the wrath of Beogh upon you.
Beogh smites you!
You are too injured to fight recklessly!
a - a +1 hand axe (weapon)
The orc priest hits you with a +0 club.
You hit the orc priest.
The orc priest is almost dead.
The orc priest hits you with a +0 club.
You closely miss the orc priest.
The orc priest is almost dead.
The orc priest mumbles some strange prayers to Beogh against you.
Beogh smites you!
You die...

#.#
#.#####.#.##.##...
#.#
####.#.......##.####.
#.# #..........####.#
## #.# ##.##.#.#####
#.# # #[###...#.#.#
#.# # #.##......#.#
#.# # #.##......#.#
#.# # #.##...).o#.###
####.# #
#........@....#
#....#
#####...###.#.#
#.#### ##.##
#.#.###.######## #.#
#.#.#.....#..... #.#
#.#.#.###.#.#### #.#
#.#...#.#....#
#.####.###.....#.####
#...................#
#######.###)<.#####.#


You could see an orc priest.

Vanquished Creatures
  An adder (D:2)
  A dart slug (D:2)
  7 bats (D:1)
  3 endoplasms (D:1)
  3 giant cockroaches
  4 goblins
  9 hobgoblins
  3 jackals (D:1)
  4 kobolds
  A quokka (D:2)
  5 ball pythons
  2 frilled lizards (D:1)
  4 rats
47 creatures vanquished.

Notes
Turn   | Place    | Note
-------+----------+-------------------------------------------
     0 | Abyss:1  | freelancePsychic the Palentonga Abyssal Knight began the
                  | quest for the Orb.
     0 | Abyss:1  | Reached XP level 1. HP: 19/19 MP: 2/2
    73 | Abyss:1  | Noticed a small abomination
    74 | D:1      | Escaped the Abyss
   220 | D:1      | Reached XP level 2. HP: 22/25 MP: 3/3
   256 | D:1      | Reached * piety under Lugonu
   903 | D:1      | Reached XP level 3. HP: 31/31 MP: 4/4
  2181 | D:2      | Killed from afar by an orc priest

Illustrated notes

Levels and vault maps discovered:
D:1:      dpeg_arrival_pits, layout_loops_ring
D:2:      layout_loops_ring, serial_rivers, chequers_serial_rivers_room_a,
          chequers_serial_rivers_micro_c, chequers_serial_rivers_micro_b,
          chequers_serial_rivers_large_b, chequers_serial_rivers_micro_b,
          chequers_serial_rivers_micro_b
D:3:      layout_rooms, serial_bayou_pond_b, minivault_11, minmay_ruptured,
          uniq_sigmund, uniq_jessica

Skill      XL: |  1  2  3 |
---------------+----------+-----
Axes           | 3 |  3.3
Fighting       | |  3.5
Armour         | |  1.5
Dodging        | |  0.7
Invocations    | |  2.8

Action                   || total
-------------------------++-------
Melee: Hand axe          ||    87
       Tailslap          ||     8
 Fire: Hunting sling     ||    81
Invok: Depart the Abyss  ||     1
Armor: Leather armour    ||    29
       Scale mail        ||    28
Dodge: Dodged            ||    83

Table legend: (Time is in decaauts)
 A = Elapsed time spent in this place.
 B = Non-inter-level travel time spent in this place.
 C = Inter-level travel time spent in this place.
 D = Time resting spent in this place.
 E = Time spent auto-exploring this place.
 F = Levels seen in this place.
 G = Mean time per level.
                   A        B        C        D        E       F      G
               +--------+--------+--------+--------+--------+-----+--------+
         Total |   2237 |   2152 |     85 |     89 |   1722 |   4 |  559.2 |
       Dungeon |   2163 |   2078 |     85 |     89 |   1649 |   3 |  721.0 |
         Abyss |     74 |     74 |      0 |      0 |     73 |   1 |   74.0 |
               +--------+--------+--------+--------+--------+-----+--------+

Top non-repeatable levels by time:
     D:2: 1124 daAuts
     D:1: 1030 daAuts
 Abyss:1: 74 daAuts
     D:3: 8 daAuts
